 Dungeon Crawl Stone Soup version 0.16.1-4-g8e1b745 (webtiles) character file.

5 Ololoev the Grasshopper (level 1, -4/10 HPs)
             Began as a Spriggan Warper on Mar 27, 2015.
             Slain by a worker ant (7 damage)
             ... on level 4 of the Dungeon.
             The game lasted 00:01:04 (417 turns).

Ololoev the Grasshopper (Spriggan Warper)            Turns: 417, Time: 00:01:04

Health: -4/10      AC:  2    Str:  7    XL:     1   Next: 66%
Magic:  4/4        EV: 18    Int: 14    God:
Gold:   20         SH:  0    Dex: 15    Spells: 1 memorised, 4 levels left

rFire  . . .     SeeInvis +     a - +0 short sword
rCold  . . .     Clarity  .     b - +0 robe
rNeg   . . .     SustAb   .     (shield restricted)
rPois  .         Gourm    .     (helmet restricted)
rElec  .         Spirit   .     (no cloak)
rCorr  .         Warding  .     (gloves unavailable)
rMut   .         Stasis   .     (boots unavailable)
MR     .....                    (no amulet)
Stlth  +.........               (no ring)
                                (no ring)

@: very quick, not resistant to hostile enchantments, very unstealthy
A: unfitting armour, see invisible, herbivore 3, speed 3, slow metabolism 2
a: no special abilities


You were on level 4 of the Dungeon.
You were not hungry.

You visited 1 branch of the dungeon, and saw 4 of its levels.

You collected 20 gold pieces.

Notes
Turn   | Place    | Note
--------------------------------------------------------------
     0 | D:1      | Ololoev, the Spriggan Warper, began the quest for the Orb.
     0 | D:1      | Reached XP level 1. HP: 10/10 MP: 4/4
   357 | D:2      | Noticed Terence
   391 | D:3      | Noticed nubinia's ghost (average SpCj)
   412 | D:4      | Noticed a worker ant
   417 | D:4      | Slain by a worker ant

Inventory:

Hand weapons
 a - a +0 short sword (weapon)
Missiles
 e - 5 tomahawks of dispersal (quivered)
Armour
 b - a +0 robe (worn)
Scrolls
 d - a scroll of blinking
 g - a scroll of fog {unknown}
Books
 c - a book of Spatial Translocations

   Spells                             Type                      Level
   a - Apportation                    Translocation                1
   b - Blink                          Translocation                2
   c - Shroud of Golubria             Charms/Translocation         2
   d - Portal Projectile              Translocation                3
   e - Teleport Other                 Translocation                3
   f - Passage of Golubria            Translocation                4
Comestibles
 f - a bread ration

Table legend:
 A = Turns spent in this place as a percentage of turns spent in the entire game.
 B = Non-inter-level travel turns spent in this place as a percentage of non-inter-level travel turns spent in the entire game.
 C = Inter-level travel turns spent in this place as a percentage of turns spent in this place.
 D = Turns resting spent in this place as a percentage of non-inter-level travel turns spent in this place.
 E = Turns spent auto-exploring this place as a percentage of non-inter-level travel turns spent in this place.
 F = Non-inter-level travel turns spent in this place divided by the number of levels of this place that you've seen.
                   A       B       C       D       E      F
               +-------+-------+-------+-------+-------+----------------------
         Total | 100.0 | 100.0 |   0.9 |   3.6 |   6.3 |  27.8
       Dungeon | 100.0 | 100.0 |   0.9 |   3.6 |   6.3 |  27.8
               +-------+-------+-------+-------+-------+----------------------


   Skills:
 - Level 1.5 Fighting
 + Level 2.5 Short Blades
 - Level 1.1 Throwing
 - Level 0.6 Armour
 + Level 3.3 Dodging
 - Level 2.6 Spellcasting
 - Level 4.4 Translocations


You had 4 spell levels left.
You knew the following spells:

 Your Spells              Type           Power        Failure   Level  Hunger
a - Apportation           Tloc           ##........   3%          1    #......


Dungeon Overview and Level Annotations

Branches:
Dungeon (4/15)
 Temple: D:4-7

Altars:

Annotations:
D:2 Terence
D:3 nubinia's ghost, average SpCj


Innate Abilities, Weirdness & Mutations

You are tiny and cannot use many weapons and most armour.
You have supernaturally acute eyesight.
You are a herbivore.
You cover ground extremely quickly.
You need consume almost no food.


Message History

The hobgoblin hits you but does no damage.
You closely miss the hobgoblin.
The hobgoblin is severely wounded.
The hobgoblin hits you with a club.
You closely miss the hobgoblin.
The hobgoblin is severely wounded.
You hit the hobgoblin but do no damage.
The hobgoblin is severely wounded.
The hobgoblin hits you with a club.
Terence shouts, "Get ready for death!"
You hit the hobgoblin.
You kill the hobgoblin!
There is a stone staircase leading down here.
You climb downwards.
A worm comes into view.
There is a stone staircase leading up here.
There is a stone staircase leading up here.
Found a stone staircase leading down.
A giant newt comes into view.
Found an escape hatch in the ceiling.
Found a smoky golden potion and 6 gold pieces.
Nubinia's ghost (average Spriggan Conjurer) comes into view.
There is a stone staircase leading down here.
Nubinia's ghost turns its malevolent gaze towards you.
You climb downwards.
You hear the sound of rushing water.
There is an entrance to a sewer on this level.
Hurry and find it before the portal rusts away!
Found 11 stones and a papyrus book.
Found an escape hatch in the ceiling.
Found two stone staircases leading down.
There is a stone staircase leading up here.
There is a stone staircase leading down here.
An adder comes into view.
There is an escape hatch in the ceiling here.
You see here a papyrus book.
There is a stone staircase leading down here.
A worker ant comes into view.
The worker ant twitches its antennae in your direction.
The worker ant bites you!
Ouch! That really hurt!
You die...

... #... .....##
#.....#
#....#########
#............#
#............#
#............#
#...@........#
###..a.......#
...>....S...###
.....#####..#####.#
#....................
......##...>...###.#
.##.###.<.....###.#
#...............#
....##.......#####.#


You could see a worker ant and an adder.

Table legend:
 A = Kills in this place as a percentage of kills in entire the game.
 B = Kills by you in this place as a percentage of kills by you in the entire game.
 C = Kills by friends in this place as a percentage of kills by friends in the entire game.
 D = Other kills in this place as a percentage of other kills in the entire game.
 E = Experience gained in this place as a percentage of experience gained in the entire game.
 F = Experience gained in this place divided by the number of levels of this place that you have seen.
                   A       B       C       D       E      F
               +-------+-------+-------+-------+-------+----------------------
         Total | 100.0 | 100.0 |  -nan |  -nan | 100.0 |   2.0
       Dungeon | 100.0 | 100.0 |  -nan |  -nan | 100.0 |   2.0
               +-------+-------+-------+-------+-------+----------------------

Vanquished Creatures
  A bat (D:2)
  2 hobgoblins
  A goblin (D:1)
  A rat (D:1)
5 creatures vanquished.

Action                   || total
-------------------------++-------
Melee: Short sword       ||    13

Vault maps used:
D:1:      dpeg_arrival_houses_and_road, minmay_misc_feat_square,
          minmay_close_crescents
D:2:      gammafunk_temple_overflow_forgotten, uniq_terence
D:3:      old_standard_altar, lemuel_doored_altar, first_bread, uniq_jessica,
          uniq_sigmund, uniq_crazy_yiuf_cottage, uniq_robin
D:4:      portal_sewer_entry_a, minmay_misc_feat_tiny, uniq_pikel
